 Dungeon Crawl Stone Soup version 0.28-a0-1624-g820543e53a (webtiles) character file.

Game seed: 7757822680327005403

11764 croobank the Placeless Draconian (level 11, -3/66 HPs)
             Began as a Black Draconian Fire Elementalist on Jan 24, 2022.
             Was a Believer of Hepliaklqana.
             Killed from afar by a frost giant (15 damage)
             ... with a bolt of cold
             ... on level 11 of the Dungeon.
             The game lasted 01:05:27 (14417 turns).

croobank the Placeless Draconian (DrFE)            Turns: 14417, Time: 01:05:27

Health: -3/66      AC:  8    Str: 14    XL:     11   Next: 53%
Magic:  21/28      EV: 14    Int: 24    God:    Hepliaklqana [**....]
Gold:   447        SH: 10    Dex: 16    Spells: 5/21 levels left

rFire   + . .      SeeInvis .   a - +3 falchion of Arcadian Valiance {drain, rC+ Str+4 Int+5 Dex+3}
rCold   + . .      Faith    .   I - +2 buckler
rNeg    . . .      Spirit   .   (armour unavailable)
rPois   .          Reflect  +   (helmet restricted)
rElec   +          Harm     .   (no cloak)
rCorr   .          Rampage  .   l - +0 pair of gloves
Will    .....                   (no boots)
Stlth   +++.......              j - amulet of reflection
HPRegen 0.21/turn               g - ring of protection from fire
MPRegen 0.21/turn               M - ring of magical power

@: no status effects
A: reduced essence, breathe lightning, AC +7, unfitting armour, electricity
resistance, cold-blooded
a: Breathe Lightning, Renounce Religion, Recall Ancestor, Ancestor Identity


You were on level 11 of the Dungeon.
You worshipped Hepliaklqana.
Hepliaklqana was pleased with you.
You visited 2 branches of the dungeon, and saw 13 of its levels.

You collected 735 gold pieces.
You spent 288 gold pieces at shops.

Inventory:

Hand Weapons
 a - the +3 falchion of Arcadian Valiance (weapon) {drain, rC+ Str+4 Int+5 Dex+3}
   (You found it on level 4 of the Dungeon)

   A truly terrible weapon, it drains the life of any living foe it strikes.
   Str:       It affects your strength (+4).
   Int:       It affects your intelligence (+5).
   Dex:       It affects your dexterity (+3).
   rC:        It protects you from cold.
 b - a +0 hunting sling
 i - a +4 dagger of speed
 r - a +0 dagger of venom
 v - a +2 long sword of holy wrath
 w - a +3 vorpal battleaxe
 x - a +3 flail
 y - a +2 dagger
 z - a +4 morningstar
 A - a +7 halberd
 B - a +3 spear
 D - a +1 flail of holy wrath
 H - a +4 spear of venom
Missiles
 c - 292 arrows
 f - 327 stones
 k - 4 atropa-tipped darts
 m - 23 poisoned darts
 q - 79 sling bullets
 s - 96 bolts
Armour
 l - a +0 pair of gloves (worn)
 I - a +2 buckler (worn)
 N - an orb of mayhem
Jewellery
 g - a ring of protection from fire (left hand)
 j - an amulet of reflection (around neck)
 L - a ring of see invisible
 M - a ring of magical power (right hand)
Wands
 e - a wand of paralysis (8) (quivered)
 p - a wand of flame (16)
 F - a wand of iceblast (4)
Scrolls
 u - 3 scrolls of amnesia
 C - a scroll of immolation
 E - 2 scrolls of identify
 G - a scroll of teleportation
 J - a scroll of blinking {unknown}
 K - a scroll of holy word {unknown}
 P - a scroll of enchant weapon
 Q - a scroll of fog {unknown}
Potions
 d - 3 potions of ambrosia
 h - 3 potions of mutation
 n - 3 potions of curing
 t - 2 potions of lignification
 O - 2 potions of degeneration {unknown}
 R - a potion of attraction {unknown}
 S - a potion of flight {unknown}


   Skills:
 + Level 5.5 Long Blades
 + Level 6.0 Dodging
 + Level 6.5 Stealth
 + Level 5.9 Spellcasting
 + Level 6.2 Conjurations
 - Level 12.3 Translocations
 + Level 6.9 Fire Magic


You had 5 spell levels left.
You knew the following spells:

 Your Spells              Type           Power      Damage    Failure   Level
a - Foxfire               Conj/Fire      100%       2x1d9     1%          1
b - Scorch                Fire           80%        2d9       1%          2
c - Blink                 Tloc           100%       N/A       1%          2
d - Flame Wave            Conj/Fire      38%        2d9       7%          4
e - Manifold Assault      Tloc           60%        N/A       1%          5
f - Ensorcelled Hibernat  Hex/Ice        14%        N/A       17%         2

Your spell library contained the following spells:

 Spells                   Type           Power      Damage    Failure   Level
 Lesser Beckoning         Tloc           60%        N/A       1%          3
 Conjure Flame            Conj/Fire      38%        6-21      2%          3
 Sticky Flame             Conj/Fire      38%        2d6       7%          4
 Inner Flame              Hex/Fire       23%        N/A       8%          3
 Stone Arrow              Conj/Erth      44%        3d9       9%          3
 Ignite Poison            Fire/Tmut/Pois 18%        N/A       13%         3
 Passwall                 Tmut/Erth      5%         N/A       17%         2
 Swiftness                Air            7%         N/A       32%         3
 Lehudib's Crystal Spear  Conj/Erth      11%        10d4      100%        8
 Animate Armour           Summ/Erth      Unusable   N/A       N/A         4

Dungeon Overview and Level Annotations

Branches:
Dungeon (12/15)            Temple (1/1) D:7            Lair (0/6) D:10
    Orc: D:9-12

Altars:
Ashenzari
Cheibriados
Dithmenos
Elyvilon
Fedhas
Gozag
Hepliaklqana
Kikubaaqudgha
Makhleb
Nemelex Xobeh
Okawaru
Qazlal
Ru
Sif Muna
Trog
Uskayaw
Vehumet
Wu Jian
Xom
Yredelemnul
Zin
The Shining One
Beogh

Shops:
D:3 (   D:7 *   D:9 =


Innate Abilities, Weirdness & Mutations

Your life essence is reduced to manifest your ancestor. (-10% HP)
You can breathe wild blasts of lightning.
Your glossy black scales are hard. (AC +7)
You cannot fit into any form of body armour.
You are resistant to electric shocks. (rElec)
You are cold-blooded and may be slowed by cold attacks.


Message History

The flame wave engulfs the two-headed ogre.
The two-headed ogre is almost dead.
The flame wave engulfs the wyvern.
The wyvern is lightly wounded.
The two-headed ogre hits you with a +0 giant club!!
* * * LOW HITPOINT WARNING * * *
The two-headed ogre barely misses you.
The wyvern bites Sofian.
Sofian hits the wyvern with a +0 quarterstaff!
The wyvern closely misses Sofian.
Sofian gestures at the wyvern while chanting.
The puff of frost hits the wyvern!
The wyvern dies!
Sofian gestures at the two-headed ogre while chanting.
The stone arrow misses the two-headed ogre.
Casting: Flame Wave (dangerous; 8% risk of failure)
Confirm with . or Enter, or press ? or * to list all spells.
Flames lash the two-headed ogre.
The two-headed ogre is almost dead.
The two-headed ogre's fire resistance burns away.
You block the two-headed ogre's attack. x2
Casting: Scorch (safe; 1% risk of failure)
Confirm with . or Enter, or press ? or * to list all spells.
Flames lash the two-headed ogre.
The two-headed ogre is burned terribly!
You kill the two-headed ogre!
Your Dodging skill increases to level 6!
You start resting.
Ancestor HP restored.
You start resting.
You have got your breath back.
You start resting.
A frost giant comes into view.
It is wielding a +2 battleaxe of freezing.
Okay, then.
Okay, then.
Casting: Scorch (safe; 1% risk of failure)
Confirm with . or Enter, or press ? or * to list all spells.
Okay, then.
You swap places.
The frost giant casts a spell at you. The bolt of cold hits you! You resist.
You die...

##....... . #o# .####.......#
..# ............# ..#
............# ..#
.......)....# ....
..........# #††.....# # .....
#......#########.... .....
##....C....@R....# #....
#<....#####.....# #....
#.....# #.....# '... #.....#
#.....# #..# #.....# #.....#
#..# ##.....#####.....# #..#
#................#######..#
#..........................#
.........###'###..........###


You could see the friendly Sofian the battlemage and a frost giant.

Vanquished Creatures
  2 two-headed ogres
  A deep elf pyromancer (D:8)
  A manticore (D:12)
  A kobold demonologist (D:8)
  3 yaks (D:12)
  Sigmund (D:2)
  5 wyverns
  A vampire mosquito (D:8)
  A water moccasin (D:6)
  2 sky beasts
  A black bear (D:8)
  2 necrophages
  2 ogres
  4 centaurs
  A phantom (D:5)
  Blork the orc (D:6)
  2 kobold brigands
  A gnoll sergeant (D:8)
  4 bullfrogs
  5 scorpions
  4 killer bees
  7 wights
  2 howler monkeys
  A centaur zombie (D:8)
  2 bullfrog skeletons (D:5)
  4 orc priests
  4 hounds
  A jelly (D:7)
  A gnoll shaman (D:8)
  4 iguanas
  6 orc wizards
  A hound skeleton (D:3)
  Robin (D:2)
  5 gnolls
  6 adders
  2 shadow imps
  2 white imps
  An ufetubus (D:4)
  An adder skeleton (D:4)
  6 dart slugs
  27 orcs
  6 endoplasms
  2 giant cockroaches
  11 goblins
  7 hobgoblins
  5 jackals (D:1)
  9 kobolds
  5 quokkas
  4 ball pythons
  4 bats
  A frilled lizard (D:1)
  3 rats
  A spectral orc (D:10)
  A foxfire (D:5)
188 creatures vanquished.

Vanquished Creatures (collateral kills)
  Erolcha (D:10)
  A two-headed ogre (D:11)
  A cyclops (D:11)
  A centaur zombie (D:11)
  A tengu conjurer (D:8)
  A troll (D:11)
  2 wyverns
  2 yaks
  A basilisk (D:11)
  A water moccasin (D:9)
  2 acid dragons
  A black bear (D:10)
  6 orc warriors
  2 centaurs (D:9)
  A bullfrog (D:10)
  A scorpion (D:10)
  3 orc priests
  An orc (D:9)
29 creatures vanquished.

Vanquished Creatures (others)
  2 ancestors
  2 battlemagi (D:11)
  246 foxfires
  13 fungi (D:10)
  13 plants
276 creatures vanquished.

Grand Total: 493 creatures vanquished

Notes
Turn   | Place    | Note
-------+----------+-------------------------------------------
     0 | D:1      | croobank the Draconian Fire Elementalist began the quest
                  | for the Orb.
     0 | D:1      | Reached XP level 1. HP: 14/14 MP: 3/3
   365 | D:1      | Reached XP level 2. HP: 20/20 MP: 3/5
   368 | D:1      | Learned a level 2 spell: Scorch
   921 | D:1      | Learned a level 2 spell: Blink
  1400 | D:1      | Reached XP level 3. HP: 25/26 MP: 2/6
  1554 | D:2      | Found a faded altar of an unknown god.
  1969 | D:2      | Noticed Robin
  1974 | D:2      | Killed Robin
  2015 | D:2      | Reached XP level 4. HP: 25/33 MP: 2/7
  2322 | D:2      | Noticed Sigmund
  2585 | D:3      | Found Qaxoh's Weapon Emporium.
  2669 | D:3      | Bought 4 atropa-tipped darts for 28 gold pieces
  3017 | D:3      | Found a burning altar of Makhleb.
  3037 | D:3      | Reached XP level 5. HP: 33/38 MP: 6/9
  3077 | D:3      | Noticed a balrug
  3107 | D:3      | Found a bloodstained altar of Trog.
  3107 | D:3      | Found a snail-covered altar of Cheibriados.
  3114 | D:3      | Found a sparkling altar of Nemelex Xobeh.
  3116 | D:3      | Found a blossoming altar of Fedhas.
  3118 | D:3      | Found an iron altar of Okawaru.
  3435 | D:4      | Identified the +3 falchion of Arcadian Valiance {drain, rC+
                  | Str+4 Int+5 Dex+3}
  3695 | D:4      | Reached XP level 6. HP: 45/45 MP: 7/10
  4100 | D:4      | Reached skill level 1 in Long Blades
  4241 | D:4      | Reached skill level 12 in Translocations
  4241 | D:4      | Your scales start taking on a glossy black colour.
  4241 | D:4      | Reached XP level 7. HP: 50/50 MP: 11/11
  4241 | D:4      | Gained mutation: You are resistant to electric shocks.
                  | (rElec) [Black Draconian growth]
  4634 | D:5      | Entered Level 5 of the Dungeon
  5157 | D:5      | Reached XP level 8. HP: 57/57 MP: 6/13
  5311 | D:5      | Learned a level 4 spell: Flame Wave
  5726 | D:6      | Identified the +4 ring mail "Lochipu" {rPois Dex+3}
  6107 | D:6      | Noticed Blork the orc
  6127 | D:6      | Killed Blork the orc
  7177 | D:2      | Learned a level 5 spell: Manifold Assault
  7183 | D:2      | Killed Sigmund
  7184 | D:2      | Reached XP level 9. HP: 59/62 MP: 14/14
  7300 | D:7      | Found a staircase to the Ecumenical Temple.
  7410 | Temple   | Entered the Ecumenical Temple
  7698 | Temple   | Became a worshipper of Hepliaklqana the Forgotten
  7878 | D:7      | Found Miblumm's Lightly-Used Armoury.
  8336 | D:7      | Reached skill level 5 in Fire Magic
  9099 | D:8      | Found a glowing silver altar of Zin.
  9199 | D:8      | Noticed a deep elf pyromancer
  9224 | D:8      | Killed a deep elf pyromancer
  9494 | D:8      | You fall into a shaft and drop 2 floors!
  9494 | D:10     | Entered Level 10 of the Dungeon
  9527 | D:10     | Reached * piety under Hepliaklqana
  9569 | D:9      | Found a stormy altar of Qazlal.
  9583 | D:9      | Reached skill level 5 in Stealth
  9583 | D:9      | Reached XP level 10. HP: 62/62 MP: 16/16
 10582 | D:9      | Learned a level 2 spell: Ensorcelled Hibernation
 10864 | D:9      | Reached ** piety under Hepliaklqana
 10865 | D:9      | Remembered your ancestor Sofian as a battlemage
 11007 | D:9      | Found Iggi's Jewellery Emporium.
 11019 | D:9      | Bought a ring of magical power for 260 gold pieces
 11443 | D:9      | Reached skill level 5 in Conjurations
 11717 | D:10     | Found a basalt altar of Yredelemnul.
 11969 | D:10     | Reached skill level 5 in Dodging
 11969 | D:10     | Noticed a two-headed ogre
 11972 | D:10     | Reached skill level 5 in Spellcasting
 11975 | D:10     | Killed a two-headed ogre
 12477 | D:10     | Noticed Erolcha
 12489 | D:10     | Killed Erolcha
 12843 | D:10     | Found a staircase to the Lair.
 13308 | D:11     | Noticed a two-headed ogre
 13317 | D:11     | Killed a two-headed ogre
 13318 | D:11     | Reached XP level 11. HP: 8/66 MP: 13/19
 13653 | D:11     | Noticed an orc knight
 13677 | D:11     | Reached skill level 5 in Long Blades
 14380 | D:11     | Noticed a two-headed ogre
 14399 | D:11     | Killed a two-headed ogre
 14415 | D:11     | Noticed a frost giant
 14417 | D:11     | Killed from afar by a frost giant

Illustrated notes

Levels and vault maps discovered:
D:1:      doesnt_arrival_eight_statues, layout_basic
D:2:      layout_loops_corners, dreamdust_ecumenical_altar_grove, uniq_sigmund,
          uniq_robin
D:3:      layout_loops_ring, makhleb_altar_promises_db,
          chequers_temple_overflow_minitemple, serial_shops, shop
D:4:      layout_cave_pods, hangedman_decor_peaks_small
D:5:      layout_loops_ring
D:6:      layout_rooms, grunt_ministairs_15, uniq_blork_the_orc
D:7:      layout_basic, minmay_temple_entry_glass, minmay_shop_damaged,
          kennysheep_small_square
D:8:      kennysheep_six_static_rooms, layout_cave_pools, zin_academy,
          minmay_radiant
D:9:      layout_small_grid, nicolae_qazlal_style_of_elements, serial_shops,
          shop, minmay_misc_feat_encased, grunt_decor_clamped,
          minmay_strange_pillars
D:10:     layout_layer_cave, yredelemnul_forgotten_temple_becter,
          grunt_lair_entry_orc_guard_hut, uniq_erolcha
D:11:     minmay_four_partial_circles, layout_irregular_city, david_orc_5,
          minmay_three_doors
D:12:     dreamdust_isle_of_ice, layout_gridville, minivault_21, uniq_josephine
Temple:   oiseaux_autumnal_temple

Skill      XL: |  1  2  3  4  5  6  7  8  9 10 11 |
---------------+----------------------------------+-----
Stealth        | 2 3 4 5 6 |  6.5
Dodging        | 2 3 4 5 6 |  6.0
Conjurations   | 2 3 4 5 6 |  6.2
Spellcasting   | 3 4 5 |  5.9
Long Blades    | 1 2 3 4 5 |  5.5
Fire Magic     | 4 5 6 |  6.9
Translocations | 12 | 12.3

Action                   |  1- 3 |  4- 6 |  7- 9 | 10-12 || total
-------------------------+-------+-------+-------+-------++-------
Melee: Unarmed           |    66 |     2 |       |       ||    68
       Tailslap          |    15 |     1 |    24 |     9 ||    49
       Dagger            |       |    18 |       |       ||    18
       Punch             |       |     2 |     3 |       ||     5
       Falchion          |       |     4 |   133 |    57 ||   194
 Cast: Foxfire           |    39 |    48 |    34 |    30 ||   151
       Scorch            |     9 |    15 |    76 |    61 ||   161
       Blink             |       |       |     1 |       ||     1
       Ensorcelled Hiber |       |       |       |    12 ||    12
       Manifold Assault  |       |       |       |     2 ||     2
       Flame Wave        |       |       |       |     1 ||     1
Invok: Ancestor Life: Ba |       |       |       |     1 ||     1
 Abil: Breathe Lightning |       |       |    11 |     4 ||    15
Evoke: Wand              |       |       |     3 |     1 ||     4
  Use: Scroll            |       |     4 |     7 |     4 ||    15
       Potion            |       |     1 |     6 |     4 ||    11
 Stab: Sleeping          |       |     1 |     1 |     4 ||     6
       Paralysed         |       |       |       |     4 ||     4
       Distracted        |       |       |       |     2 ||     2
Armor: Skin              |    25 |     5 |    51 |    24 ||   105
Dodge: Dodged            |    67 |    14 |   105 |    78 ||   264
Block: Other             |       |     2 |    28 |       ||    30
       Buckler           |       |       |    41 |    63 ||   104
       Reflection        |       |       |     1 |     6 ||     7

Table legend: (Time is in decaauts)
 A = Elapsed time spent in this place.
 B = Non-inter-level travel time spent in this place.
 C = Inter-level travel time spent in this place.
 D = Time resting spent in this place.
 E = Time spent auto-exploring this place.
 F = Levels seen in this place.
 G = Mean time per level.
                   A        B        C        D        E       F      G
               +--------+--------+--------+--------+--------+-----+--------+
         Total |  14493 |  14061 |    432 |   2393 |   9261 |  13 | 1114.8 |
       Dungeon |  14163 |  13759 |    404 |   2393 |   8986 |  12 | 1180.2 |
        Temple |    330 |    302 |     28 |      0 |    275 |   1 |  330.0 |
               +--------+--------+--------+--------+--------+-----+--------+

Top non-repeatable levels by time:
    D:10: 1776 daAuts
     D:8: 1557 daAuts
     D:1: 1456 daAuts
     D:5: 1351 daAuts
     D:7: 1345 daAuts
     D:4: 1320 daAuts
     D:2: 1174 daAuts
     D:3: 1033 daAuts
     D:9: 1026 daAuts
     D:6: 975 daAuts
    D:11: 809 daAuts
    D:12: 337 daAuts
  Temple: 330 daAuts
